DALLAS Stars vs FLORIDA Panthers

Created - 25 février 2024 at 14:45

Goals
1 2 3 T
DALLAS Stars 2 1 0 3
FLORIDA Panthers 1 2 1 4
Shots
1 2 3 T
DALLAS Stars 6 5 5 16
FLORIDA Panthers 5 16 14 35

1st period

1. FLORIDA Panthers , Derek Grant 1 (Jordan Martinook 1, Dougie Hamilton 12) at 4:43
2. DALLAS Stars , Emil Bemstrom 8 (Jesperi Kotkaniemi 10, Sean Walker 6) at 8:32
3. DALLAS Stars , Cal Clutterbuck 2 (Conor Timmins 10, Paul Cotter 4) at 14:45

Penalties :
Cal Clutterbuck (DAL) for Tripping (Minor) at 19:05

2nd period

4. DALLAS Stars , Jesperi Kotkaniemi 6 (Patrik Nemeth 6) at 1:16
5. FLORIDA Panthers , Eetu Luostarinen 5 (Yegor Sharangovich 3, Brady Skjei 15) at 12:22
6. FLORIDA Panthers , Eetu Luostarinen 6 (Josh Morrissey 15, Brady Skjei 16) at 16:39

Penalties :
Sean Walker (DAL) for Cross-checking (Minor) at 3:44, Adam Henrique (FLO) for Roughing (Minor) at 12:44

3rd period

7. FLORIDA Panthers , Ryan McDonagh 4 (Vincent Trocheck 13) at 9:07 (PP)

Penalties :
Aliaksei Protas (DAL) for Slashing (Minor) at 5:03, Juuso Valimaki (DAL) for Holding (Minor) at 8:23

Goalie Stats

Carter Hart (DAL), 31 saves from 35 shots - (0,886), L, 10-7-0, 59:54 minutes
Darcy Kuemper (FLO), 13 saves from 16 shots - (0,813), W, 14-7-4, 60:00 minutes

Players Stats for DALLAS Stars

Player Name              G  A  P  +/- PIM S  H  SB GA TA FO     MP     PP MP  PK MP  
------------------------------------------------------------------------------------
Alexander Radulov        0  0  0   0  0   1  2  0  0  0  1/1    12:10   0:36   1:30 
Aliaksei Protas          0  0  0   0  2   0  1  1  0  0  0/0    12:54   0:00   3:20 
Andreas Johnsson         0  0  0   1  0   2  1  0  0  0  0/0     6:50   0:00   0:00 
Brendan Gallagher        0  0  0   0  0   0  1  0  0  0  0/0    17:41   0:00   1:21 
Cal Clutterbuck          1  0  1   1  2   2  2  0  0  0  1/1     6:49   0:00   0:00 
Conor Timmins            0  1  1   0  0   1  2  3  0  0  0/0    22:42   0:36   3:15 
Emil Bemstrom            1  0  1   0  0   1  0  1  0  0  0/2    17:12   0:36   0:45 
Jesperi Kotkaniemi       1  1  2   0  0   3  3  0  0  0  10/21  17:05   0:45   0:00 
Juuso Valimaki           0  0  0  -1  2   1  1  1  0  0  0/0    23:30   1:23   2:47 
Marc-Edouard Vlasic      0  0  0   0  0   1  3  2  0  0  0/0    22:02   0:00   3:40 
Nicklas Backstrom        0  0  0   0  0   0  2  0  0  0  7/15   11:16   1:23   0:18 
Patrik Nemeth            0  1  1   1  0   0  0  2  0  0  0/0    14:25   0:00   1:17 
Paul Cotter              0  1  1   1  0   0  1  0  0  0  6/18   11:37   0:00   4:47 
Peyton Krebs             0  0  0  -1  0   1  3  0  0  0  7/24   19:49   1:14   0:00 
Ryan Suter               0  0  0  -1  0   0  1  2  0  0  0/0    20:44   1:23   0:00 
Sean Walker              0  1  1   1  2   0  1  3  0  0  0/0    15:59   0:00   2:23 
Sonny Milano             0  0  0  -1  0   1  2  0  0  0  1/3    20:32   0:36   1:21 
Viktor Arvidsson         0  0  0  -1  0   2  0  0  0  0  0/0    19:58   1:23   0:00 

Players Stats for FLORIDA Panthers

Player Name              G  A  P  +/- PIM S  H  SB GA TA FO     MP     PP MP  PK MP  
------------------------------------------------------------------------------------
Adam Henrique            0  0  0   0  2   1  1  0  0  0  10/17  12:02   0:00   0:00 
Brady Skjei              0  2  2   2  0   0  1  1  0  0  0/0    21:57   1:38   1:12 
Brandon Saad             0  0  0   0  0   1  1  0  0  0  0/1    17:47   2:41   0:00 
Brock Nelson             0  0  0  -1  0   2  1  0  0  0  1/1    22:28   2:41   1:24 
Carter Verhaeghe         0  0  0   0  0   2  1  0  0  0  1/1    17:23   2:56   0:00 
Connor Murphy            0  0  0  -2  0   0  2  0  0  0  0/0    16:30   0:00   0:47 
Derek Grant              1  0  1   1  0   1  2  0  0  0  8/12    6:27   0:00   0:00 
Dougie Hamilton          0  1  1   1  0   1  2  1  0  0  0/0    20:32   5:03   0:00 
Eetu Luostarinen         2  0  2   0  0   5  0  2  0  0  0/1    12:38   0:00   0:35 
Jordan Martinook         0  1  1   1  0   1  2  0  0  0  0/0     6:27   0:00   0:00 
Josh Morrissey           0  1  1   1  0   5  2  2  0  0  0/0    25:19   5:03   0:47 
Matt Irwin               0  0  0  -2  0   0  2  0  0  0  0/0    15:43   0:00   0:00 
Matthew Tkachuk          0  0  0  -1  0   4  2  0  0  0  1/1    21:44   4:00   0:00 
Ryan McDonagh            1  0  1   0  0   1  2  3  0  0  0/0    19:59   1:38   1:12 
Ryan McLeod              0  0  0   1  0   3  0  0  0  0  0/0     6:27   0:00   0:00 
Steven Stamkos           0  0  0  -1  0   6  0  0  0  0  16/26  22:19   4:00   0:35 
Vincent Trocheck         0  1  1   0  0   1  3  0  0  0  15/24  19:11   2:41   1:24 
Yegor Sharangovich       0  1  1   0  0   1  3  1  0  0  0/1    13:07   1:04   0:00 

3 Stars

1 - Eetu Luostarinen (FLO)
2 - Brady Skjei (FLO)
3 - Jesperi Kotkaniemi (DAL)

Power Play

DALLAS Stars - 0 on 1 Attempt(s) - 0,00%
FLORIDA Panthers - 1 on 4 Attempt(s) - 25,00%

Penalty Kill

DALLAS Stars - 3 on 4 Attempt(s) - 75,00% - Score 0 goal in Penalty Kill
FLORIDA Panthers - 1 on 1 Attempt(s) - 100,00% - Score 0 goal in Penalty Kill

Team Stat

DALLAS Stars - Hits : 26 - Faceoff Wins : 33 - Blocked Shots : 15 - Penalty Minutes : 8
FLORIDA Panthers - Hits : 27 - Faceoff Wins : 52 - Blocked Shots : 10 - Penalty Minutes : 2

Official

Referees : Kelly Cooke and Lacey Senuk
Linesman : Kory Nagy and Brandon Gawryletz

Game Notes

No Game Note

Finance

Level 1 -- Attendance: 4876 (76,79%) -- Ticket Income $487,600
Level 2 -- Attendance: 5200 (100,00%) -- Ticket Income $296,400
Level 3 -- Attendance: 2641 (88,03%) -- Ticket Income $84,512
Level 4 -- Attendance: 4393 (95,50%) -- Ticket Income $87,860
Luxury Box -- Attendance: 1002 (97,76%) -- Ticket Income $195,390
Game was played at the BB-T Center.
Total Attendance: 18112 (89,77%)
Total Ticket Income: $1,151,762
Other Income: $287,940
Total Income: $1,439,702

DALLAS Stars

5 vs 5 Forward 
   Center                   Left Wing                Right Wing               Time % Phy DF OF 
 1 Peyton Krebs             Viktor Arvidsson         Sonny Milano             35     1   2  2  
 2 Jesperi Kotkaniemi       Emil Bemstrom            Brendan Gallagher        30     1   2  2  
 3 Nicklas Backstrom        Alexander Radulov        Aliaksei Protas          20     1   2  2  
 4 Paul Cotter              Andreas Johnsson         Cal Clutterbuck          15     1   2  2  

5 vs 5 Defense 
   Defense                  Defense                                           Time % Phy DF OF 
 1 Juuso Valimaki           Ryan Suter                                        40     1   1  3  
 2 Marc-Edouard Vlasic      Conor Timmins                                     30     1   2  2  
 3 Sean Walker              Patrik Nemeth                                     20     2   2  1  
 4 Conor Timmins            Marc-Edouard Vlasic                               10     1   2  2  

PowerPlay Forward 
   Center                   Left Wing                Right Wing               Time % Phy DF OF 
 1 Nicklas Backstrom        Viktor Arvidsson         Jesperi Kotkaniemi       60     1   2  2  
 2 Peyton Krebs             Sonny Milano             Emil Bemstrom            40     1   2  2  

PowerPlay Defense
   Defense                  Defense                                           Time % Phy DF OF 
 1 Juuso Valimaki           Ryan Suter                                        60     1   2  2  
 2 Alexander Radulov        Conor Timmins                                     40     1   1  3  

Penalty Kill 4 Players Forward 
   Center                   Wing                     Time % Phy DF OF 
 1 Paul Cotter              Aliaksei Protas          60     1   2  2  
 2 Sonny Milano             Brendan Gallagher        40     1   2  2  

Penalty Kill 4 Players Defense
   Defense                  Defense                  Time % Phy DF OF 
 1 Marc-Edouard Vlasic      Sean Walker              60     1   2  2  
 2 Conor Timmins            Juuso Valimaki           40     1   2  2  

Penalty Kill - 3 Players Forward 
   Forward                                           Time % Phy DF OF 
 1 Paul Cotter                                       60     1   2  2  
 2 Cal Clutterbuck                                   40     1   2  2  

Penalty Kill - 3 Players Defense
   Defense                  Defense                  Time % Phy DF OF 
 1 Marc-Edouard Vlasic      Ryan Suter               60     1   2  2  
 2 Sean Walker              Juuso Valimaki           40     1   2  2  

4 vs 4 Forward 
   Center                   Wing                     Time % Phy DF OF 
 1 Jesperi Kotkaniemi       Emil Bemstrom            60     1   2  2  
 2 Peyton Krebs             Brendan Gallagher        40     1   2  2  

4 vs 4 Defense
   Defense                  Defense                  Time % Phy DF OF 
 1 Marc-Edouard Vlasic      Juuso Valimaki           60     1   2  2  
 2 Conor Timmins            Ryan Suter               40     1   2  2  

Last Minutes Offensive
   Center                   Left Wing                Right Wing               Defense                  Defense                  
   Peyton Krebs             Jesperi Kotkaniemi       Brendan Gallagher        Conor Timmins            Juuso Valimaki           

Last Minutes Defensive
   Center                   Left Wing                Right Wing               Defense                  Defense                  
   Paul Cotter              Aliaksei Protas          Cal Clutterbuck          Marc-Edouard Vlasic      Ryan Suter               

Goaltenders
Starting : Carter Hart              
Backup : Matthew Villalta         

Extra Forwards
Normal : Brendan Gallagher, Peyton Krebs, Alexander Radulov - PP : Brendan Gallagher, Peyton Krebs - PK : Alexander Radulov
Extra Defensemen
Normal : Sean Walker, Juuso Valimaki, Conor Timmins - PP : Sean Walker - PK : Juuso Valimaki, Conor Timmins
Penalty Shots
Viktor Arvidsson, Jesperi Kotkaniemi, Sonny Milano, Nicklas Backstrom, Peyton Krebs

Scratches
Zach Senyshyn (Healthy)

FLORIDA Panthers

5 vs 5 Forward 
   Center                   Left Wing                Right Wing               Time % Phy DF OF 
 1 Steven Stamkos           Brock Nelson             Matthew Tkachuk          40     1   1  3  
 2 Vincent Trocheck         Carter Verhaeghe         Brandon Saad             30     1   2  2  
 3 Adam Henrique            Eetu Luostarinen         Yegor Sharangovich       20     1   2  2  
 4 Derek Grant              Ryan McLeod              Jordan Martinook         10     1   2  2  

5 vs 5 Defense 
   Defense                  Defense                                           Time % Phy DF OF 
 1 Josh Morrissey           Brady Skjei                                       40     1   2  2  
 2 Dougie Hamilton          Ryan McDonagh                                     30     1   2  2  
 3 Connor Murphy            Matt Irwin                                        20     1   3  1  
 4 Josh Morrissey           Ryan McDonagh                                     10     1   2  2  

PowerPlay Forward 
   Center                   Left Wing                Right Wing               Time % Phy DF OF 
 1 Steven Stamkos           Carter Verhaeghe         Matthew Tkachuk          60     1   1  3  
 2 Vincent Trocheck         Brock Nelson             Brandon Saad             40     1   1  3  

PowerPlay Defense
   Defense                  Defense                                           Time % Phy DF OF 
 1 Josh Morrissey           Dougie Hamilton                                   60     1   2  2  
 2 Brady Skjei              Ryan McDonagh                                     40     1   2  2  

Penalty Kill 4 Players Forward 
   Center                   Wing                     Time % Phy DF OF 
 1 Vincent Trocheck         Brock Nelson             60     1   3  1  
 2 Adam Henrique            Eetu Luostarinen         40     1   4  0  

Penalty Kill 4 Players Defense
   Defense                  Defense                  Time % Phy DF OF 
 1 Ryan McDonagh            Brady Skjei              60     1   2  2  
 2 Connor Murphy            Josh Morrissey           40     1   2  2  

Penalty Kill - 3 Players Forward 
   Forward                                           Time % Phy DF OF 
 1 Eetu Luostarinen                                  60     1   4  0  
 2 Vincent Trocheck                                  40     1   2  2  

Penalty Kill - 3 Players Defense
   Defense                  Defense                  Time % Phy DF OF 
 1 Connor Murphy            Ryan McDonagh            60     1   2  2  
 2 Brady Skjei              Josh Morrissey           40     1   2  2  

4 vs 4 Forward 
   Center                   Wing                     Time % Phy DF OF 
 1 Steven Stamkos           Matthew Tkachuk          60     1   2  2  
 2 Vincent Trocheck         Brock Nelson             40     1   2  2  

4 vs 4 Defense
   Defense                  Defense                  Time % Phy DF OF 
 1 Josh Morrissey           Ryan McDonagh            60     1   2  2  
 2 Brady Skjei              Dougie Hamilton          40     1   2  2  

Last Minutes Offensive
   Center                   Left Wing                Right Wing               Defense                  Defense                  
   Steven Stamkos           Brock Nelson             Matthew Tkachuk          Josh Morrissey           Dougie Hamilton          

Last Minutes Defensive
   Center                   Left Wing                Right Wing               Defense                  Defense                  
   Vincent Trocheck         Brock Nelson             Brandon Saad             Ryan McDonagh            Brady Skjei              

Goaltenders
Starting : Darcy Kuemper            
Backup : Cayden Primeau           

Extra Forwards
Normal : Matthew Tkachuk, Adam Henrique, Eetu Luostarinen - PP : Yegor Sharangovich, Adam Henrique - PK : Eetu Luostarinen
Extra Defensemen
Normal : Connor Murphy, Dougie Hamilton, Brady Skjei - PP : Dougie Hamilton - PK : Ryan McDonagh, Brady Skjei
Penalty Shots
Steven Stamkos, Matthew Tkachuk, Brock Nelson, Vincent Trocheck, Carter Verhaeghe

Scratches
None


% Time on Ice - DALLAS Stars

Lines # - Real PCT - Wanted PCT - Time Play
Normal Forward
1 - 37% - 35% - 18:35
2 - 31% - 30% - 15:51
3 - 19% - 20% - 9:35
4 - 13% - 15% - 6:50
Normal Defense
1 - 38% - 40% - 19:21
2 - 30% - 30% - 15:04
3 - 26% - 20% - 13:08
4 - 6% - 10% - 3:18
PP Forward
1 - 70% - 60% - 1:23
2 - 30% - 40% - 0:36
PP Defense
1 - 70% - 60% - 1:23
2 - 30% - 40% - 0:36
PK Forward
1 - 80% - 60% - 5:20
2 - 20% - 40% - 1:21
PK Defense
1 - 63% - 60% - 4:13
2 - 37% - 40% - 2:28
PK3 Forward
1 - 0% - 60%
2 - 0% - 40%
PK3 Defense
1 - 0% - 60%
2 - 0% - 40%
44 Forward
1 - 0% - 60%
2 - 0% - 40%
44 Defense
1 - 0% - 60%
2 - 0% - 40%
Last Minute Offensive  - 0:29
Last Minute Defensive  - 0:00
Total
Forward - 60:00
Defense - 60:00

% Time on Ice - FLORIDA Panthers

Lines # - Real PCT - Wanted PCT - Time Play
Normal Forward
1 - 35% - 40% - 17:44
2 - 29% - 30% - 14:27
3 - 24% - 20% - 12:03
4 - 13% - 10% - 6:27
Normal Defense
1 - 36% - 40% - 18:28
2 - 31% - 30% - 15:29
3 - 31% - 20% - 15:43
4 - 2% - 10% - 1:01
PP Forward
1 - 60% - 60% - 4:00
2 - 40% - 40% - 2:41
PP Defense
1 - 76% - 60% - 5:03
2 - 24% - 40% - 1:38
PK Forward
1 - 71% - 60% - 1:24
2 - 29% - 40% - 0:35
PK Defense
1 - 61% - 60% - 1:12
2 - 39% - 40% - 0:47
PK3 Forward
1 - 0% - 60%
2 - 0% - 40%
PK3 Defense
1 - 0% - 60%
2 - 0% - 40%
44 Forward
1 - 0% - 60%
2 - 0% - 40%
44 Defense
1 - 0% - 60%
2 - 0% - 40%
Last Minute Offensive  - 0:00
Last Minute Defensive  - 0:39
Total
Forward - 60:00
Defense - 60:00

Play-by-Play

1st period


0:01 of 1st period - Brock Nelson wins face-off versus Peyton Krebs in neutral zone.
0:14 of 1st period - Brock Nelson is hit by Ryan Suter and loses puck.
0:47 of 1st period - Ryan Suter is hit by Matthew Tkachuk and loses puck.
0:51 of 1st period - Off-side.
0:52 of 1st period - Vincent Trocheck wins face-off versus Jesperi Kotkaniemi in neutral zone.
1:11 of 1st period - Shot by Vincent Trocheck.
1:11 of 1st period - Shot Misses the Net.
1:13 of 1st period - Shot by Carter Verhaeghe.
1:13 of 1st period - Shot Misses the Net.
1:18 of 1st period - Icing by Marc-Edouard Vlasic.
1:19 of 1st period - Jesperi Kotkaniemi wins face-off versus Adam Henrique in DALLAS Stars zone.
1:30 of 1st period - Jesperi Kotkaniemi is hit by Connor Murphy and loses puck.
2:59 of 1st period - Brandon Saad is hit by Cal Clutterbuck and loses puck.
3:48 of 1st period - Matthew Tkachuk is hit by Andreas Johnsson and loses puck.
4:18 of 1st period - Shot by Viktor Arvidsson.
4:18 of 1st period - Shot Misses the Net.
4:25 of 1st period - Off-side.
4:26 of 1st period - Derek Grant wins face-off versus Jesperi Kotkaniemi in neutral zone.
4:43 of 1st period - Shot by Derek Grant.
4:43 of 1st period - Goal by Derek Grant - DALLAS Stars : 0 - FLORIDA Panthers : 1.
4:44 of 1st period - Peyton Krebs wins face-off versus Vincent Trocheck in neutral zone.
4:53 of 1st period - Marc-Edouard Vlasic is hit by Vincent Trocheck and loses puck.
5:11 of 1st period - Icing by Marc-Edouard Vlasic.
5:12 of 1st period - Steven Stamkos wins face-off versus Peyton Krebs in DALLAS Stars zone.
5:44 of 1st period - Icing by Marc-Edouard Vlasic.
5:45 of 1st period - Peyton Krebs wins face-off versus Derek Grant in DALLAS Stars zone.
6:08 of 1st period - Icing by Sean Walker.
6:09 of 1st period - Vincent Trocheck wins face-off versus Jesperi Kotkaniemi in DALLAS Stars zone.
7:28 of 1st period - Shot by Steven Stamkos.
7:28 of 1st period - Shot Blocked by Ryan Suter.
7:30 of 1st period - Shot by Steven Stamkos.
7:30 of 1st period - Stopped by Carter Hart without a rebound.
7:31 of 1st period - Peyton Krebs wins face-off versus Adam Henrique in DALLAS Stars zone.
7:31 of 1st period - Peyton Krebs is hit by Yegor Sharangovich.
7:36 of 1st period - Marc-Edouard Vlasic is hit by Matt Irwin and loses puck.
7:55 of 1st period - Shot by Marc-Edouard Vlasic.
7:55 of 1st period - Shot Misses the Net.
7:57 of 1st period - Shot by Conor Timmins.
7:57 of 1st period - Shot Blocked by Eetu Luostarinen.
7:59 of 1st period - Shot by Marc-Edouard Vlasic.
7:59 of 1st period - Shot Misses the Net.
8:01 of 1st period - Shot by Peyton Krebs.
8:01 of 1st period - Shot Blocked by Yegor Sharangovich.
8:03 of 1st period - Shot by Viktor Arvidsson.
8:03 of 1st period - Shot Misses the Net.
8:32 of 1st period - Shot by Emil Bemstrom.
8:32 of 1st period - Goal by Emil Bemstrom - DALLAS Stars : 1 - FLORIDA Panthers : 1.
8:33 of 1st period - Steven Stamkos wins face-off versus Nicklas Backstrom in neutral zone.
8:38 of 1st period - Shot by Steven Stamkos.
8:38 of 1st period - Stopped by Carter Hart without a rebound.
8:39 of 1st period - Steven Stamkos wins face-off versus Jesperi Kotkaniemi in DALLAS Stars zone.
9:11 of 1st period - Jesperi Kotkaniemi is hit by Josh Morrissey and loses puck.
9:15 of 1st period - Brendan Gallagher is hit by Brady Skjei and loses puck.
9:34 of 1st period - Shot by Alexander Radulov.
9:34 of 1st period - Stopped by Darcy Kuemper without a rebound.
9:35 of 1st period - Derek Grant wins face-off versus Nicklas Backstrom in FLORIDA Panthers zone.
9:57 of 1st period - Alexander Radulov is hit by Dougie Hamilton and loses puck.
10:40 of 1st period - Shot by Brandon Saad.
10:40 of 1st period - Stopped by Carter Hart with a rebound.
10:42 of 1st period - Shot by Brandon Saad.
10:42 of 1st period - Shot Blocked by Sean Walker.
11:35 of 1st period - Shot by Matthew Tkachuk.
11:35 of 1st period - Shot Misses the Net.
11:52 of 1st period - Shot by Brock Nelson.
11:52 of 1st period - Shot Misses the Net.
12:39 of 1st period - Shot by Cal Clutterbuck.
12:39 of 1st period - Shot Misses the Net.
12:41 of 1st period - Shot by Cal Clutterbuck.
12:41 of 1st period - Shot Misses the Net.
12:43 of 1st period - Shot by Marc-Edouard Vlasic.
12:43 of 1st period - Shot Blocked by Eetu Luostarinen.
12:45 of 1st period - Shot by Conor Timmins.
12:45 of 1st period - Shot Misses the Net.
12:47 of 1st period - Shot by Marc-Edouard Vlasic.
12:47 of 1st period - Stopped by Darcy Kuemper without a rebound.
12:48 of 1st period - Nicklas Backstrom wins face-off versus Derek Grant in FLORIDA Panthers zone.
12:48 of 1st period - Patrik Nemeth is hit by Matt Irwin and loses puck.
12:57 of 1st period - Nicklas Backstrom is hit by Derek Grant and loses puck.
13:40 of 1st period - Vincent Trocheck is hit by Nicklas Backstrom and loses puck.
14:03 of 1st period - Shot by Peyton Krebs.
14:03 of 1st period - Stopped by Darcy Kuemper without a rebound.
14:04 of 1st period - Jesperi Kotkaniemi wins face-off versus Adam Henrique in FLORIDA Panthers zone.
14:04 of 1st period - Marc-Edouard Vlasic is hit by Josh Morrissey.
14:17 of 1st period - Off-side.
14:18 of 1st period - Steven Stamkos wins face-off versus Peyton Krebs in neutral zone.
14:18 of 1st period - Steven Stamkos is hit by Sonny Milano.
14:35 of 1st period - Icing by Josh Morrissey.
14:36 of 1st period - Paul Cotter wins face-off versus Steven Stamkos in FLORIDA Panthers zone.
14:45 of 1st period - Shot by Cal Clutterbuck.
14:45 of 1st period - Goal by Cal Clutterbuck - DALLAS Stars : 2 - FLORIDA Panthers : 1.
14:46 of 1st period - Vincent Trocheck wins face-off versus Peyton Krebs in neutral zone.
14:46 of 1st period - Vincent Trocheck is hit by Peyton Krebs.
15:23 of 1st period - Shot by Sonny Milano.
15:23 of 1st period - Shot Misses the Net.
15:28 of 1st period - Vincent Trocheck is hit by Peyton Krebs.
15:38 of 1st period - Ryan Suter is hit by Carter Verhaeghe and loses puck.
16:22 of 1st period - Steven Stamkos is hit by Marc-Edouard Vlasic and loses puck.
17:00 of 1st period - Cal Clutterbuck is hit by Ryan McDonagh.
17:36 of 1st period - Shot by Conor Timmins.
17:36 of 1st period - Stopped by Darcy Kuemper without a rebound.
17:37 of 1st period - Derek Grant wins face-off versus Nicklas Backstrom in FLORIDA Panthers zone.
17:37 of 1st period - Derek Grant is hit by Nicklas Backstrom.
17:40 of 1st period - Icing by Brady Skjei.
17:41 of 1st period - Derek Grant wins face-off versus Nicklas Backstrom in FLORIDA Panthers zone.
17:41 of 1st period - Derek Grant is hit by Aliaksei Protas.
17:51 of 1st period - Shot by Ryan McLeod.
17:51 of 1st period - Stopped by Carter Hart without a rebound.
17:52 of 1st period - Steven Stamkos wins face-off versus Peyton Krebs in DALLAS Stars zone.
17:53 of 1st period - Shot by Brock Nelson.
17:53 of 1st period - Shot Blocked by Conor Timmins.
18:59 of 1st period - Shot by Josh Morrissey.
18:59 of 1st period - Deflect By Vincent Trocheck.
18:59 of 1st period - Shot Hit the Post.
19:04 of 1st period - Off-side.
19:05 of 1st period - Adam Henrique wins face-off versus Paul Cotter in neutral zone.
19:05 of 1st period - Minor Penalty to Cal Clutterbuck for Tripping.
19:06 of 1st period - Paul Cotter wins face-off versus Vincent Trocheck in DALLAS Stars zone.
19:17 of 1st period - Josh Morrissey is hit by Paul Cotter and loses puck.
19:21 of 1st period - Icing by Josh Morrissey.
19:22 of 1st period - Vincent Trocheck wins face-off versus Paul Cotter in FLORIDA Panthers zone.
Goals for this period are 2 for DALLAS Stars vs 1 for FLORIDA Panthers.
Shots for this period are 6 for DALLAS Stars vs 5 for FLORIDA Panthers.

2nd period


0:01 of 2nd period - Paul Cotter wins face-off versus Steven Stamkos in neutral zone.
0:35 of 2nd period - Aliaksei Protas is hit by Matthew Tkachuk and loses puck.
0:43 of 2nd period - Icing by Dougie Hamilton.
0:44 of 2nd period - Steven Stamkos wins face-off versus Sonny Milano in FLORIDA Panthers zone.
1:09 of 2nd period - Matt Irwin is hit by Brendan Gallagher and loses puck.
1:16 of 2nd period - Shot by Jesperi Kotkaniemi.
1:16 of 2nd period - Goal by Jesperi Kotkaniemi - DALLAS Stars : 3 - FLORIDA Panthers : 1.
1:17 of 2nd period - Derek Grant wins face-off versus Peyton Krebs in neutral zone.
1:20 of 2nd period - Shot by Ryan McLeod.
1:20 of 2nd period - Stopped by Carter Hart without a rebound.
1:21 of 2nd period - Peyton Krebs wins face-off versus Adam Henrique in DALLAS Stars zone.
1:31 of 2nd period - Icing by Eetu Luostarinen.
1:32 of 2nd period - Adam Henrique wins face-off versus Jesperi Kotkaniemi in FLORIDA Panthers zone.
1:54 of 2nd period - Brendan Gallagher is hit by Connor Murphy.
2:20 of 2nd period - Brendan Gallagher is hit by Adam Henrique and loses puck.
2:49 of 2nd period - Shot by Viktor Arvidsson.
2:49 of 2nd period - Stopped by Darcy Kuemper without a rebound.
2:50 of 2nd period - Nicklas Backstrom wins face-off versus Vincent Trocheck in FLORIDA Panthers zone.
2:54 of 2nd period - Alexander Radulov is hit by Dougie Hamilton and loses puck.
3:09 of 2nd period - Shot by Vincent Trocheck.
3:09 of 2nd period - Stopped by Carter Hart without a rebound.
3:10 of 2nd period - Sonny Milano wins face-off versus Steven Stamkos in DALLAS Stars zone.
3:21 of 2nd period - Shot by Peyton Krebs.
3:21 of 2nd period - Shot Blocked by Josh Morrissey.
3:32 of 2nd period - Brock Nelson is hit by Conor Timmins and loses puck.
3:35 of 2nd period - Shot by Steven Stamkos.
3:35 of 2nd period - Stopped by Carter Hart without a rebound.
3:36 of 2nd period - Vincent Trocheck wins face-off versus Paul Cotter in DALLAS Stars zone.
3:44 of 2nd period - Minor Penalty to Sean Walker for Cross-checking.
3:45 of 2nd period - Steven Stamkos wins face-off versus Paul Cotter in DALLAS Stars zone.
4:18 of 2nd period - Shot by Josh Morrissey.
4:18 of 2nd period - Stopped by Carter Hart with a rebound.
4:45 of 2nd period - Brady Skjei is hit by Conor Timmins.
4:57 of 2nd period - Patrik Nemeth is hit by Brock Nelson and loses puck.
5:34 of 2nd period - Off-side.
5:35 of 2nd period - Steven Stamkos wins face-off versus Paul Cotter in neutral zone.
5:38 of 2nd period - Shot by Matthew Tkachuk.
5:38 of 2nd period - Shot Misses the Net.
5:40 of 2nd period - Shot by Josh Morrissey.
5:40 of 2nd period - Stopped by Carter Hart without a rebound.
5:41 of 2nd period - Carter Verhaeghe wins face-off versus Paul Cotter in DALLAS Stars zone.
5:44 of 2nd period - Shot by Matthew Tkachuk.
5:44 of 2nd period - Shot Misses the Net.
6:08 of 2nd period - Off-side.
6:09 of 2nd period - Jesperi Kotkaniemi wins face-off versus Derek Grant in neutral zone.
6:09 of 2nd period - Jesperi Kotkaniemi is hit by Derek Grant.
6:14 of 2nd period - Icing by Josh Morrissey.
6:15 of 2nd period - Derek Grant wins face-off versus Jesperi Kotkaniemi in FLORIDA Panthers zone.
7:07 of 2nd period - Icing by Sean Walker.
7:08 of 2nd period - Jesperi Kotkaniemi wins face-off versus Steven Stamkos in DALLAS Stars zone.
7:38 of 2nd period - Icing by Ryan McDonagh.
7:39 of 2nd period - Steven Stamkos wins face-off versus Nicklas Backstrom in FLORIDA Panthers zone.
7:39 of 2nd period - Steven Stamkos is hit by Alexander Radulov.
8:32 of 2nd period - Icing by Brady Skjei.
8:33 of 2nd period - Vincent Trocheck wins face-off versus Peyton Krebs in FLORIDA Panthers zone.
8:57 of 2nd period - Shot by Josh Morrissey.
8:57 of 2nd period - Stopped by Carter Hart without a rebound.
8:58 of 2nd period - Adam Henrique wins face-off versus Paul Cotter in DALLAS Stars zone.
8:59 of 2nd period - Shot by Eetu Luostarinen.
8:59 of 2nd period - Stopped by Carter Hart without a rebound.
9:00 of 2nd period - Paul Cotter wins face-off versus Adam Henrique in DALLAS Stars zone.
9:11 of 2nd period - Adam Henrique is hit by Cal Clutterbuck and loses puck.
10:20 of 2nd period - Shot by Brock Nelson.
10:20 of 2nd period - Deflect By Matthew Tkachuk.
10:20 of 2nd period - Shot Misses the Net.
10:28 of 2nd period - Shot by Brock Nelson.
10:28 of 2nd period - Stopped by Carter Hart without a rebound.
10:29 of 2nd period - Vincent Trocheck wins face-off versus Jesperi Kotkaniemi in DALLAS Stars zone.
10:36 of 2nd period - Shot by Brandon Saad.
10:36 of 2nd period - Shot Misses the Net.
10:38 of 2nd period - Shot by Carter Verhaeghe.
10:38 of 2nd period - Shot Misses the Net.
10:40 of 2nd period - Shot by Carter Verhaeghe.
10:40 of 2nd period - Shot Blocked by Marc-Edouard Vlasic.
10:48 of 2nd period - Shot by Carter Verhaeghe.
10:48 of 2nd period - Shot Misses the Net.
11:22 of 2nd period - Conor Timmins is hit by Vincent Trocheck and loses puck.
11:36 of 2nd period - Matthew Tkachuk is hit by Marc-Edouard Vlasic and loses puck.
11:46 of 2nd period - Matthew Tkachuk is hit by Marc-Edouard Vlasic and loses puck.
11:49 of 2nd period - Shot by Steven Stamkos.
11:49 of 2nd period - Deflect By Brock Nelson.
11:49 of 2nd period - Shot Misses the Net.
12:08 of 2nd period - Icing by Marc-Edouard Vlasic.
12:09 of 2nd period - Adam Henrique wins face-off versus Jesperi Kotkaniemi in DALLAS Stars zone.
12:12 of 2nd period - Shot by Josh Morrissey.
12:12 of 2nd period - Deflect By Eetu Luostarinen.
12:12 of 2nd period - Shot Misses the Net.
12:16 of 2nd period - Shot by Eetu Luostarinen.
12:16 of 2nd period - Shot Blocked by Conor Timmins.
12:18 of 2nd period - Shot by Yegor Sharangovich.
12:18 of 2nd period - Shot Blocked by Emil Bemstrom.
12:20 of 2nd period - Shot by Eetu Luostarinen.
12:20 of 2nd period - Shot Blocked by Marc-Edouard Vlasic.
12:22 of 2nd period - Shot by Yegor Sharangovich.
12:22 of 2nd period - Deflect By Eetu Luostarinen.
12:22 of 2nd period - Goal by Eetu Luostarinen - DALLAS Stars : 3 - FLORIDA Panthers : 2.
12:23 of 2nd period - Derek Grant wins face-off versus Peyton Krebs in neutral zone.
12:28 of 2nd period - Shot by Jordan Martinook.
12:28 of 2nd period - Stopped by Carter Hart without a rebound.
12:29 of 2nd period - Adam Henrique wins face-off versus Peyton Krebs in DALLAS Stars zone.
12:34 of 2nd period - Shot by Eetu Luostarinen.
12:34 of 2nd period - Shot Misses the Net.
12:44 of 2nd period - Minor Penalty to Adam Henrique for Roughing.
12:45 of 2nd period - Vincent Trocheck wins face-off versus Nicklas Backstrom in FLORIDA Panthers zone.
12:45 of 2nd period - Vincent Trocheck is hit by Peyton Krebs.
13:08 of 2nd period - Shot by Ryan Suter.
13:08 of 2nd period - Shot Blocked by Ryan McDonagh.
13:22 of 2nd period - Shot by Viktor Arvidsson.
13:22 of 2nd period - Stopped by Darcy Kuemper without a rebound.
13:23 of 2nd period - Vincent Trocheck wins face-off versus Peyton Krebs in FLORIDA Panthers zone.
14:12 of 2nd period - Shot by Juuso Valimaki.
14:12 of 2nd period - Shot Misses the Net.
14:14 of 2nd period - Shot by Juuso Valimaki.
14:14 of 2nd period - Stopped by Darcy Kuemper without a rebound.
14:15 of 2nd period - Vincent Trocheck wins face-off versus Nicklas Backstrom in FLORIDA Panthers zone.
14:58 of 2nd period - Shot by Cal Clutterbuck.
14:58 of 2nd period - Stopped by Darcy Kuemper with a rebound.
15:57 of 2nd period - Dougie Hamilton is hit by Alexander Radulov and loses puck.
16:24 of 2nd period - Ryan Suter is hit by Yegor Sharangovich and loses puck.
16:39 of 2nd period - Shot by Eetu Luostarinen.
16:39 of 2nd period - Goal by Eetu Luostarinen - DALLAS Stars : 3 - FLORIDA Panthers : 3.
16:40 of 2nd period - Steven Stamkos wins face-off versus Emil Bemstrom in neutral zone.
16:46 of 2nd period - Matthew Tkachuk is hit by Sean Walker and loses puck.
16:56 of 2nd period - Shot by Matthew Tkachuk.
16:56 of 2nd period - Shot Misses the Net.
16:58 of 2nd period - Shot by Steven Stamkos.
16:58 of 2nd period - Shot Blocked by Patrik Nemeth.
17:00 of 2nd period - Shot by Matthew Tkachuk.
17:00 of 2nd period - Stopped by Carter Hart without a rebound.
17:01 of 2nd period - Vincent Trocheck wins face-off versus Paul Cotter in DALLAS Stars zone.
17:06 of 2nd period - Shot by Carter Verhaeghe.
17:06 of 2nd period - Stopped by Carter Hart without a rebound.
17:07 of 2nd period - Steven Stamkos wins face-off versus Peyton Krebs in DALLAS Stars zone.
17:12 of 2nd period - Shot by Steven Stamkos.
17:12 of 2nd period - Shot Misses the Net.
17:14 of 2nd period - Shot by Steven Stamkos.
17:14 of 2nd period - Shot Misses the Net.
17:16 of 2nd period - Shot by Josh Morrissey.
17:16 of 2nd period - Stopped by Carter Hart with a rebound.
17:18 of 2nd period - Shot by Brady Skjei.
17:18 of 2nd period - Shot Blocked by Juuso Valimaki.
17:48 of 2nd period - Shot by Steven Stamkos.
17:48 of 2nd period - Deflect By Matthew Tkachuk.
17:48 of 2nd period - Stopped by Carter Hart without a rebound.
17:49 of 2nd period - Nicklas Backstrom wins face-off versus Brandon Saad in DALLAS Stars zone.
18:09 of 2nd period - Off-side.
18:10 of 2nd period - Adam Henrique wins face-off versus Jesperi Kotkaniemi in neutral zone.
18:41 of 2nd period - Shot by Brendan Gallagher.
18:41 of 2nd period - Shot Blocked by Dougie Hamilton.
18:45 of 2nd period - Shot by Jesperi Kotkaniemi.
18:45 of 2nd period - Shot Blocked by Ryan McDonagh.
18:51 of 2nd period - Shot by Emil Bemstrom.
18:51 of 2nd period - Shot Misses the Net.
19:28 of 2nd period - Shot by Matthew Tkachuk.
19:28 of 2nd period - Stopped by Carter Hart without a rebound.
19:29 of 2nd period - Vincent Trocheck wins face-off versus Nicklas Backstrom in DALLAS Stars zone.
19:30 of 2nd period - Shot by Connor Murphy.
19:30 of 2nd period - Shot Misses the Net.
19:46 of 2nd period - Carter Verhaeghe is hit by Juuso Valimaki.
Goals for this period are 1 for DALLAS Stars vs 2 for FLORIDA Panthers.
Shots for this period are 5 for DALLAS Stars vs 16 for FLORIDA Panthers.

3rd period


0:01 of 3rd period - Steven Stamkos wins face-off versus Peyton Krebs in neutral zone.
0:28 of 3rd period - Shot by Steven Stamkos.
0:28 of 3rd period - Shot Misses the Net.
0:42 of 3rd period - Shot by Matthew Tkachuk.
0:42 of 3rd period - Shot Misses the Net.
0:44 of 3rd period - Shot by Brady Skjei.
0:44 of 3rd period - Shot Blocked by Ryan Suter.
0:59 of 3rd period - Ryan Suter is hit by Brandon Saad and loses puck.
1:17 of 3rd period - Emil Bemstrom is hit by Vincent Trocheck.
1:22 of 3rd period - Icing by Marc-Edouard Vlasic.
1:23 of 3rd period - Jesperi Kotkaniemi wins face-off versus Eetu Luostarinen in DALLAS Stars zone.
1:28 of 3rd period - Marc-Edouard Vlasic is hit by Yegor Sharangovich and loses puck.
1:33 of 3rd period - Shot by Eetu Luostarinen.
1:33 of 3rd period - Stopped by Carter Hart with a rebound.
1:35 of 3rd period - Shot by Adam Henrique.
1:35 of 3rd period - Stopped by Carter Hart without a rebound.
1:36 of 3rd period - Derek Grant wins face-off versus Paul Cotter in DALLAS Stars zone.
2:13 of 3rd period - Cal Clutterbuck is hit by Jordan Martinook and loses puck.
2:38 of 3rd period - Icing by Patrik Nemeth.
2:39 of 3rd period - Paul Cotter wins face-off versus Steven Stamkos in DALLAS Stars zone.
3:16 of 3rd period - Shot by Steven Stamkos.
3:16 of 3rd period - Stopped by Carter Hart without a rebound.
3:17 of 3rd period - Vincent Trocheck wins face-off versus Peyton Krebs in DALLAS Stars zone.
4:00 of 3rd period - Shot by Viktor Arvidsson.
4:00 of 3rd period - Shot Misses the Net.
4:10 of 3rd period - Connor Murphy is hit by Jesperi Kotkaniemi and loses puck.
4:52 of 3rd period - Icing by Conor Timmins.
4:53 of 3rd period - Jesperi Kotkaniemi wins face-off versus Steven Stamkos in DALLAS Stars zone.
5:03 of 3rd period - Minor Penalty to Aliaksei Protas for Slashing.
5:04 of 3rd period - Paul Cotter wins face-off versus Steven Stamkos in DALLAS Stars zone.
5:27 of 3rd period - Shot by Steven Stamkos.
5:27 of 3rd period - Stopped by Carter Hart without a rebound.
5:28 of 3rd period - Steven Stamkos wins face-off versus Paul Cotter in DALLAS Stars zone.
6:03 of 3rd period - Shot by Steven Stamkos.
6:03 of 3rd period - Stopped by Carter Hart with a rebound.
6:27 of 3rd period - Shot by Brock Nelson.
6:27 of 3rd period - Deflect By Brandon Saad.
6:27 of 3rd period - Shot Blocked by Sean Walker.
6:29 of 3rd period - Shot by Josh Morrissey.
6:29 of 3rd period - Stopped by Carter Hart without a rebound.
6:30 of 3rd period - Steven Stamkos wins face-off versus Sonny Milano in DALLAS Stars zone.
6:35 of 3rd period - Shot by Dougie Hamilton.
6:35 of 3rd period - Stopped by Carter Hart without a rebound.
6:36 of 3rd period - Nicklas Backstrom wins face-off versus Vincent Trocheck in DALLAS Stars zone.
6:49 of 3rd period - Shot by Vincent Trocheck.
6:49 of 3rd period - Shot Misses the Net.
7:16 of 3rd period - Shot by Jordan Martinook.
7:16 of 3rd period - Shot Misses the Net.
7:18 of 3rd period - Shot by Ryan McLeod.
7:18 of 3rd period - Deflect By Derek Grant.
7:18 of 3rd period - Shot Misses the Net.
7:20 of 3rd period - Shot by Ryan McLeod.
7:20 of 3rd period - Stopped by Carter Hart without a rebound.
7:21 of 3rd period - Adam Henrique wins face-off versus Emil Bemstrom in DALLAS Stars zone.
7:38 of 3rd period - Shot by Eetu Luostarinen.
7:38 of 3rd period - Deflect By Yegor Sharangovich.
7:38 of 3rd period - Shot Blocked by Sean Walker.
7:41 of 3rd period - Icing by Patrik Nemeth.
7:42 of 3rd period - Jesperi Kotkaniemi wins face-off versus Steven Stamkos in DALLAS Stars zone.
7:58 of 3rd period - Icing by Sean Walker.
7:59 of 3rd period - Jesperi Kotkaniemi wins face-off versus Yegor Sharangovich in DALLAS Stars zone.
8:16 of 3rd period - Shot by Jesperi Kotkaniemi.
8:16 of 3rd period - Stopped by Darcy Kuemper without a rebound.
8:17 of 3rd period - Peyton Krebs wins face-off versus Steven Stamkos in FLORIDA Panthers zone.
8:17 of 3rd period - Juuso Valimaki is hit by Ryan McDonagh and loses puck.
8:23 of 3rd period - Minor Penalty to Juuso Valimaki for Holding.
8:24 of 3rd period - Matthew Tkachuk wins face-off versus Paul Cotter in DALLAS Stars zone.
8:45 of 3rd period - Shot by Matthew Tkachuk.
8:45 of 3rd period - Shot Blocked by Aliaksei Protas.
8:47 of 3rd period - Shot by Josh Morrissey.
8:47 of 3rd period - Shot Blocked by Patrik Nemeth.
8:49 of 3rd period - Shot by Dougie Hamilton.
8:49 of 3rd period - Shot Misses the Net.
9:05 of 3rd period - Shot by Steven Stamkos.
9:05 of 3rd period - Deflect By Matthew Tkachuk.
9:05 of 3rd period - Stopped by Carter Hart without a rebound.
9:06 of 3rd period - Vincent Trocheck wins face-off versus Paul Cotter in DALLAS Stars zone.
9:07 of 3rd period - Shot by Ryan McDonagh.
9:07 of 3rd period - Goal by Ryan McDonagh - DALLAS Stars : 3 - FLORIDA Panthers : 4.
9:08 of 3rd period - Adam Henrique wins face-off versus Peyton Krebs in neutral zone.
9:08 of 3rd period - Adam Henrique is hit by Sonny Milano.
9:36 of 3rd period - Icing by Matt Irwin.
9:37 of 3rd period - Nicklas Backstrom wins face-off versus Adam Henrique in FLORIDA Panthers zone.
10:13 of 3rd period - Icing by Marc-Edouard Vlasic.
10:14 of 3rd period - Nicklas Backstrom wins face-off versus Steven Stamkos in DALLAS Stars zone.
12:02 of 3rd period - Off-side.
12:03 of 3rd period - Jesperi Kotkaniemi wins face-off versus Adam Henrique in neutral zone.
12:06 of 3rd period - Shot by Brendan Gallagher.
12:06 of 3rd period - Deflect By Jesperi Kotkaniemi.
12:06 of 3rd period - Stopped by Darcy Kuemper without a rebound.
12:07 of 3rd period - Steven Stamkos wins face-off versus Jesperi Kotkaniemi in FLORIDA Panthers zone.
12:07 of 3rd period - Steven Stamkos is hit by Jesperi Kotkaniemi.
12:21 of 3rd period - Shot by Matthew Tkachuk.
12:21 of 3rd period - Shot Misses the Net.
12:44 of 3rd period - Josh Morrissey is hit by Jesperi Kotkaniemi and loses puck.
13:25 of 3rd period - Shot by Cal Clutterbuck.
13:25 of 3rd period - Shot Misses the Net.
13:27 of 3rd period - Shot by Ryan Suter.
13:27 of 3rd period - Shot Blocked by Brady Skjei.
13:29 of 3rd period - Shot by Andreas Johnsson.
13:29 of 3rd period - Stopped by Darcy Kuemper with a rebound.
13:31 of 3rd period - Shot by Andreas Johnsson.
13:31 of 3rd period - Stopped by Darcy Kuemper without a rebound.
13:32 of 3rd period - Peyton Krebs wins face-off versus Vincent Trocheck in FLORIDA Panthers zone.
13:33 of 3rd period - Shot by Sonny Milano.
13:33 of 3rd period - Stopped by Darcy Kuemper with a rebound.
13:36 of 3rd period - Icing by Ryan McDonagh.
13:37 of 3rd period - Peyton Krebs wins face-off versus Vincent Trocheck in FLORIDA Panthers zone.
13:44 of 3rd period - Shot by Viktor Arvidsson.
13:44 of 3rd period - Shot Misses the Net.
15:09 of 3rd period - Shot by Eetu Luostarinen.
15:09 of 3rd period - Shot Misses the Net.
15:11 of 3rd period - Shot by Adam Henrique.
15:11 of 3rd period - Shot Misses the Net.
15:13 of 3rd period - Shot by Eetu Luostarinen.
15:13 of 3rd period - Stopped by Carter Hart without a rebound.
15:14 of 3rd period - Nicklas Backstrom wins face-off versus Derek Grant in DALLAS Stars zone.
15:14 of 3rd period - Nicklas Backstrom is hit by Jordan Martinook.
15:19 of 3rd period - Off-side.
15:20 of 3rd period - Steven Stamkos wins face-off versus Jesperi Kotkaniemi in neutral zone.
15:47 of 3rd period - Shot by Brendan Gallagher.
15:47 of 3rd period - Shot Blocked by Josh Morrissey.
16:30 of 3rd period - Off-side.
16:31 of 3rd period - Cal Clutterbuck wins face-off versus Vincent Trocheck in neutral zone.
16:47 of 3rd period - Shot by Carter Verhaeghe.
16:47 of 3rd period - Stopped by Carter Hart without a rebound.
16:48 of 3rd period - Adam Henrique wins face-off versus Peyton Krebs in DALLAS Stars zone.
16:51 of 3rd period - Shot by Yegor Sharangovich.
16:51 of 3rd period - Stopped by Carter Hart without a rebound.
16:52 of 3rd period - Vincent Trocheck wins face-off versus Peyton Krebs in DALLAS Stars zone.
17:41 of 3rd period - Icing by Dougie Hamilton.
17:42 of 3rd period - Alexander Radulov wins face-off versus Vincent Trocheck in FLORIDA Panthers zone.
17:50 of 3rd period - Icing by Ryan McDonagh.
17:51 of 3rd period - Jesperi Kotkaniemi wins face-off versus Vincent Trocheck in FLORIDA Panthers zone.
18:32 of 3rd period - Shot by Brock Nelson.
18:32 of 3rd period - Stopped by Carter Hart without a rebound.
18:33 of 3rd period - Adam Henrique wins face-off versus Peyton Krebs in DALLAS Stars zone.
19:48 of 3rd period - Shot by Brock Nelson.
19:48 of 3rd period - Shot Blocked by Conor Timmins.
19:54 of 3rd period - DALLAS Stars, Carter Hart is pulled from the net.
19:56 of 3rd period - Shot by Jesperi Kotkaniemi.
19:56 of 3rd period - Shot Blocked by Ryan McDonagh.
Goals for this period are 0 for DALLAS Stars vs 1 for FLORIDA Panthers.
Shots for this period are 5 for DALLAS Stars vs 14 for FLORIDA Panthers. Output by the SimonT Hockey Simulator (STHS) for Martin Benoit - Original Page W3C HTML5 Valid
Hockey Simulator - Hockey Simulation - Hockey Manager